 Dungeon Crawl Stone Soup version 0.26-a0-812-g31a745ddcd (webtiles) character file.

Game seed: 10545731866205711948

1445 kae the Ruffian (level 8, -3/99 HPs)
             Began as a Black Draconian Transmuter on Nov 24, 2020.
             Was a Follower of Wu Jian.
             Slain by a wraith (6 damage)
             ... on level 7 of the Dungeon.
             The game lasted 00:05:27 (8510 turns).

kae the Ruffian (Black Draconian Transmuter)        Turns: 8510, Time: 00:05:28

Health: -3/99      AC: 24    Str: 15    XL:     8   Next: 46%
Magic:  13/13      EV:  2    Int: 13    God:    Wu Jian [*.....]
Gold:   433        SH:  0    Dex: 12    Spells: 5/14 levels left

rFire    + . .     SeeInvis .     - Unarmed
rCold    x . .     Faith    .   (no shield)
rNeg     + + +     Spirit   .   (armour unavailable)
rPois    +         Reflect  .   (helmet currently unavailable)
rElec    .         Harm     .   (cloak currently unavailable)
rCorr    .         Rampage  .   (gloves currently unavailable)
MR       .....     NoTele   +   (boots currently unavailable)
Stlth    +.........             (no amulet)
HPRegen  0.26/turn              e - ring of fire
MPRegen  0.13/turn              t - ring of poison resistance

@: tree-form, slowed, very slow
A: (breathe lightning), unfitting armour, AC +6
a: Renounce Religion


You were on level 7 of the Dungeon.
You worshipped Wu Jian.
Wu Jian was aware of your devotion.
You were a tree.
You visited 2 branches of the dungeon, and saw 8 of its levels.

You collected 433 gold pieces.

Inventory:

Jewellery
 e - a ring of fire (left branch)
 t - a ring of poison resistance (right branch)
Scrolls
 b - 4 scrolls of teleportation
 c - 4 scrolls of remove curse
 f - 3 scrolls of blinking
 g - 4 scrolls of fog
 m - a scroll of enchant weapon
 q - a scroll of magic mapping
Potions
 a - a potion of mutation {unknown}
 d - a potion of cancellation
 h - 2 potions of attraction
 i - 4 potions of flight
 j - 4 potions of degeneration
 k - 4 potions of curing
 l - a potion of brilliance
 n - a potion of lignification
 o - a potion of might
 s - a potion of experience
 u - 2 potions of resistance
 v - a potion of haste


   Skills:
 + Level 4.0 Fighting
 + Level 3.8 Dodging
 * Level 6.1 Unarmed Combat
 + Level 3.9 Spellcasting
 * Level 5.6 Transmutations
 - Level 3.0 Poison Magic


You had 5 spell levels left.
You knew the following spells:

 Your Spells              Type           Power        Failure   Level
a - Beastly Appendage     Tmut           ###...       1%          1
b - Spider Form           Tmut/Pois      ##........   11%         3
c - Blade Hands           Tmut           ###.......   50%         5

Your spell library contained the following spells:

 Spells                   Type           Power        Failure   Level
 Wereblood                Tmut           ###.....     3%          2
 Ice Form                 Ice/Tmut       #.......     54%         4


Dungeon Overview and Level Annotations

Branches:
Dungeon (7/15)             Temple (1/1) D:5

Altars:
Ashenzari
Cheibriados
Dithmenos
Elyvilon
Fedhas
Gozag
Hepliaklqana
Kikubaaqudgha
Makhleb
Nemelex Xobeh
Okawaru
Qazlal
Ru
Sif Muna
Trog
Uskayaw
Vehumet
Wu Jian
Xom
Zin
The Shining One


Innate Abilities, Weirdness & Mutations

((You can breathe wild blasts of lightning.))
((Your glossy black scales are hard. (AC +6)))
You cannot fit into any form of body armour.
((You are resistant to electric shocks. (rElec)))
((You are cold-blooded and may be slowed by cold attacks.))


Message History

The wraith closely misses you. The wraith barely misses you.
Really quaff the potion of lignification?
You turn into a tree.
Your roots penetrate the ground.
The wraith completely misses you.
You hit the wraith but do no damage.
The wraith is severely damaged.
The wraith hits you.
* * * LOW HITPOINT WARNING * * *
The wraith drains your vigour!
You feel as though you will be slow longer.
You hit the wraith.
The wraith is almost destroyed.
The wraith hits you but does no damage. The wraith hits you.
* * * LOW HITPOINT WARNING * * *
The wraith drains your vigour!
You feel as though you will be slow longer.
You barely miss the wraith.
The wraith is almost destroyed.
The wraith hits you.
You die...

#.##...........#
#.#
#.##.###########
#.# #####.##.# #.#
#.....##.# #.#
#.######.# #.# #.#
####### #.#
#(####8##.#.# ##.#
#.....###'#W#+#+#+
##...
#.###..'.†♣.......
###.... #.#
#####'#+#+#+#+
#...... #.# #.#
###.... #.# ###
##... #.# ##.# #.#
#.# #. #. ###.#
.....


You could see a wraith.

Vanquished Creatures
  Pikel (D:4)
  A necrophage (D:7)
  2 ogres (D:6)
  A lemure (D:4)
  A bullfrog (D:4)
  2 orc priests
  Jessica (D:2)
  5 orc wizards
  Terence (D:2)
  4 worker ants
  A mummy (D:7)
  5 gnolls
  6 adders
  2 shadow imps
  3 ufetubi
  2 oozes
  3 adder skeletons
  2 worms
  3 dart slugs (D:2)
  10 leopard geckos
  23 orcs
  2 ball pythons
  6 bats
  6 giant cockroaches
  10 goblins
  7 hobgoblins
  9 jackals
  10 frilled lizards
  A giant cockroach zombie (D:6)
  11 kobolds
  6 rats
147 creatures vanquished.

Vanquished Creatures (others)
  7 fungi (D:6)
  3 plants (D:2)
10 creatures vanquished.

Grand Total: 157 creatures vanquished

Notes
Turn   | Place    | Note
-------+----------+-------------------------------------------
     0 | D:1      | kae the Draconian Transmuter began the quest for the Orb.
     0 | D:1      | Reached XP level 1. HP: 16/16 MP: 3/3
    72 | D:1      | Reached XP level 2. HP: 20/23 MP: 3/5
   503 | D:1      | Reached XP level 3. HP: 27/28 MP: 4/6
  1270 | D:2      | Found a faded altar of an unknown god.
  1270 | D:2      | Noticed Jessica
  1280 | D:2      | Killed Jessica
  1280 | D:2      | Reached XP level 4. HP: 15/36 MP: 5/7
  1503 | D:2      | Learned a level 3 spell: Spider Form
  1751 | D:2      | Noticed Terence
  1780 | D:2      | Killed Terence
  1780 | D:2      | Reached skill level 4 in Unarmed Combat
  1780 | D:2      | Reached XP level 5. HP: 20/41 MP: 2/8
  2708 | D:3      | Reached skill level 1 in Poison Magic
  3410 | D:3      | Learned a level 5 spell: Blade Hands
  3835 | D:4      | Found a shimmering blue altar of Sif Muna.
  3992 | D:4      | Found a hide-covered altar of Uskayaw.
  4128 | D:4      | Found a blossoming altar of Fedhas.
  4163 | D:5      | Entered Level 5 of the Dungeon
  4190 | D:5      | Noticed Pikel
  4190 | D:5      | Noticed a lemure
  4190 | D:5      | Noticed a lemure
  4190 | D:5      | Noticed a lemure
  4190 | D:5      | Noticed a lemure
  4498 | D:4      | Killed a lemure
  4846 | D:4      | Killed Pikel
  4846 | D:4      | Reached XP level 6. HP: 9/51 MP: 7/10
  4846 | D:4      | Your scales start taking on a glossy black colour.
  4846 | D:4      | Reached XP level 7. HP: 10/57 MP: 7/11
  4846 | D:4      | Gained mutation: You are resistant to electric shocks.
                  | (rElec) [Black Draconian growth]
  5110 | D:4      | Reached skill level 5 in Unarmed Combat
  6067 | D:5      | Found the +4 robe of Augmentation {Str+4 Int+4 Dex+4}
  6140 | D:5      | Found a staircase to the Ecumenical Temple.
  6401 | D:5      | Found an iron altar of Okawaru.
  6463 | Temple   | Entered the Ecumenical Temple
  6635 | Temple   | Became a worshipper of the Wu Jian Council
  6825 | D:6      | Reached skill level 5 in Transmutations
  6825 | D:6      | Reached XP level 8. HP: 21/63 MP: 8/13
  7214 | D:6      | Found a shadowy altar of Dithmenos.
  8103 | D:7      | Found a hazy altar of Hepliaklqana.
  8386 | D:7      | Reached skill level 6 in Unarmed Combat
  8409 | D:7      | Reached * piety under Wu Jian
  8509 | D:7      | HP: 3/99 [wraith (3)]
  8510 | D:7      | Slain by a wraith

Illustrated notes

Levels and vault maps discovered:
D:1:      lightli_arrival_chessboard, layout_loops_ring
D:2:      kb_forest_paths, layout_loops_ring,
          chequers_ecumenical_altar_simple_redux, lexackson_kobold_supper,
          uniq_terence, uniq_jessica
D:3:      layout_basic
D:4:      layout_cave_pools, marbit_many_paths, minitemple
D:5:      layout_cave_pools, okawaru_altar_gauntlet_db,
          minmay_temple_entry_arrows, uniq_pikel
D:6:      layout_loops_ring, basic_altar, gup_sewer_entry_bubbles,
          serial_aquarium, aquarium_bridge_long_joined
          [aquarium_subvault_balcony, aquarium_subvault_wall,
          aquarium_subvault_bridge, aquarium_subvault_window,
          aquarium_subvault_bridge, aquarium_subvault_window],
          aquarium_bridge_square [aquarium_subvault_wall,
          aquarium_subvault_wall, aquarium_subvault_wall,
          aquarium_subvault_bridge], aquarium_window_3, aquarium_window_1,
          aquarium_view_2d
D:7:      layout_loops_ring, lemuel_mausoleum_altar_yredelemnul, basic_altar
Temple:   bh_familiar_temple

Skill      XL: |  1  2  3  4  5  6  7  8 |
---------------+-------------------------+-----
Dodging        | 2 3 |  3.8
Transmutations | 3 4 5 |  5.6
Unarmed Combat | 4 5 6 |  6.1
Fighting       | 3 4 |  4.0
Poison Magic   | 3 |  3.0
Spellcasting   | 3 |  3.9

Action                   |  1- 3 |  4- 6 |  7- 9 || total
-------------------------+-------+-------+-------++-------
Melee: Unarmed           |   122 |   146 |   256 ||   524
       Kick              |     9 |    13 |       ||    22
       Headbutt          |     9 |     9 |       ||    18
       Punch             |     3 |       |     1 ||     4
       Tailslap          |     8 |     4 |    15 ||    27
 Cast: Beastly Appendage |    25 |    17 |       ||    42
       Spider Form       |       |    10 |    24 ||    34
Invok: Lunge             |       |       |     5 ||     5
 Abil: Breathe Lightning |       |       |     2 ||     2
  Use: Scroll            |     4 |    10 |     5 ||    19
       Potion            |       |     1 |     4 ||     5
Armor: Skin              |    31 |    19 |    53 ||   103
Dodge: Dodged            |   107 |    85 |   259 ||   451

Table legend: (Time is in decaauts)
 A = Elapsed time spent in this place.
 B = Non-inter-level travel time spent in this place.
 C = Inter-level travel time spent in this place.
 D = Time resting spent in this place.
 E = Time spent auto-exploring this place.
 F = Levels seen in this place.
 G = Mean time per level.
                   A        B        C        D        E       F      G
               +--------+--------+--------+--------+--------+-----+--------+
         Total |   8487 |   8176 |    311 |    695 |   6315 |   8 | 1060.9 |
       Dungeon |   8289 |   8013 |    276 |    695 |   6154 |   7 | 1184.1 |
        Temple |    197 |    162 |     35 |      0 |    161 |   1 |  197.0 |
               +--------+--------+--------+--------+--------+-----+--------+

Top non-repeatable levels by time:
     D:4: 1680 daAuts
     D:2: 1606 daAuts
     D:6: 1389 daAuts
     D:3: 1306 daAuts
     D:5: 985 daAuts
     D:1: 855 daAuts
     D:7: 464 daAuts
  Temple: 197 daAuts
